 Dungeon Crawl Stone Soup version 0.20.1-1-g8b1a95d (webtiles) character file.

144833 Smidge the Executioner (level 16, -7/152 HPs)
             Began as a Minotaur Berserker on July 11, 2017.
             Was the Champion of Trog.
             Blown up by an orb spider (33 damage)
             ... with a wavering orb of destruction
             ... on level 2 of the Spider Nest.
             The game lasted 02:03:30 (28680 turns).

Smidge the Executioner (Minotaur Berserker)        Turns: 28680, Time: 02:03:30

Health: -7/152     AC: 31    Str: 27    XL:     16   Next: 86%
Magic:  16/16      EV: 13    Int:  4    God:    Trog [******]
Gold:   2303       SH:  0    Dex: 21    Spells: 15/15 levels left

rFire    . . .     SeeInvis .   T - +8 executioner's axe (protect)
rCold    + + +     Gourm    .   (shield currently unavailable)
rNeg     . . .     Faith    +   S - +1 plate armour {rPois}
rPois    +         Spirit   .   (helmet unavailable)
rElec    .         Reflect  .   e - +2 cloak {rC+}
rCorr    .         Harm     .   K - +3 pair of gauntlets of War {Slay+5}
MR       +....                  A - +0 pair of boots
Stlth    ..........             u - amulet of faith
Regen    0.4/turn               I - +5 ring of dexterity
MPRegen  0.2/turn               J - +2 ring of strength

@: berserk cooldown, slowed, very slow
A: retaliatory headbutt, horns 3, talons 1, icy blue scales 1, thin metallic
scales 1, thin skeletal structure 1, cold resistance 2, low mp 1, sense
surroundings 1, subdued magic 1
a: Berserk, Trog's Hand, Brothers in Arms, Burn Spellbooks, Renounce Religion


You were on level 2 of the Spider Nest.
You worshipped Trog.
Trog was exalted by your worship.
You were not hungry.

You visited 5 branches of the dungeon, and saw 26 of its levels.
You also visited: Ice Cave.

You collected 2776 gold pieces.
You spent 473 gold pieces at shops.

Inventory:

Hand Weapons
 g - the +1 battleaxe of Juchoz {chop, rF+ rC++ MR+ Str+4}
   (Trog gifted it to you on level 2 of the Spider Nest)

   It inflicts extra damage upon your enemies.
   It affects your strength (+4).
   It protects you from fire.
   It greatly protects you from cold.
   It affects your resistance to hostile enchantments.
 v - the +9 battleaxe "Qidam Moint" {chaos, rPois Str-3 Int+6 Dex-3}
   (Trog gifted it to you on level 13 of the Dungeon)

   Each time it hits an enemy it has a different, random effect.
   It affects your strength (-3).
   It affects your intelligence (+6).
   It affects your dexterity (-3).
   It protects you from poison.
 O - a +3 broad axe of flaming
 T - a +8 executioner's axe of protection (weapon)
Armour
 e - a +2 cloak of cold resistance (worn)
 A - a +0 pair of boots (worn)
 F - the +1 pair of gloves of Fortification {-Cast rC++}
   (You acquired it on level 2 of the Orcish Mines)

   It greatly protects you from cold.
   It prevents spellcasting.
 K - the +3 pair of gauntlets of War (worn) {Slay+5}
   (You acquired it on level 2 of the Orcish Mines)

   It affects your accuracy and damage with ranged weapons and melee attacks
   (+5).
 S - a +1 plate armour of poison resistance (worn)
 V - the +2 pair of gloves of Life {rN+ Dex+4}
   (You found it on level 11 of the Dungeon)

   It affects your dexterity (+4).
   It protects you from negative energy.
 Y - +0 acid dragon scales
Jewellery
 p - an uncursed ring of protection from fire
 u - an amulet of faith (around neck)
 w - an uncursed amulet of the gourmand
 B - an uncursed ring of resist corrosion
 I - a +5 ring of dexterity (left hand)
 J - a +2 ring of strength (right hand)
 M - an uncursed ring of see invisible
 Q - an uncursed ring of positive energy
Wands
 H - a wand of confusion (30/48)
 N - a wand of digging (12/24)
 U - a wand of clouds (4/9)
Scrolls
 a - 3 scrolls of enchant armour
 d - 18 scrolls of teleportation
 h - 3 scrolls of fog
 n - a scroll of enchant weapon
 o - a scroll of vulnerability
 r - 12 scrolls of remove curse
 y - a scroll of summoning
 E - 6 scrolls of magic mapping
 G - 7 scrolls of identify
 R - a scroll of recharging
 W - 2 scrolls of blinking {unknown}
Potions
 b - 2 potions of mutation
 f - 4 potions of lignification
 j - 2 potions of resistance
 k - 3 potions of flight
 m - 4 potions of heal wounds
 q - 7 potions of curing
 t - 2 potions of berserk rage
 x - 2 potions of invisibility
 z - 5 potions of haste
 C - 2 potions of agility
 D - 5 potions of brilliance
 L - a potion of might
 P - 2 potions of ambrosia
 Z - 2 potions of magic
Books
 X - a book of Battle

   Spells                             Type                      Level
   a - Infusion                       Charms                       1
   b - Shroud of Golubria             Charms/Translocation         2
   c - Song of Slaying                Charms                       2
   d - Spectral Weapon                Hexes/Charms                 3
   e - Regeneration                   Charms/Necromancy            3
   Trog disapproves of the use of such an item.
Comestibles
 c - 12 bread rations
 i - 24 royal jellies
 l - 47 fruits
 s - 13 meat rations


   Skills:
 + Level 16.7 Fighting
 + Level 23.7 Axes
 + Level 15.1 Armour
 + Level 6.8 Dodging
 - Level 0.6 Stealth
   Level 6.3 Shields
 - Level 5.0 Evocations


You had 15 spell levels left.
You didn't know any spells.

Dungeon Overview and Level Annotations

Branches:
Dungeon (15/15)            Temple (1/1) D:5            Lair (6/6) D:10
  Swamp (0/4) Lair:2       Spider (2/4) Lair:4        Slime (0/5) Lair:5
    Orc (2/2) D:9             Elf (0/3) Orc:2        Vaults (0/5) D:13
 Depths (0/5) D:15

Altars:
Ashenzari
Cheibriados
Dithmenos
Elyvilon
Fedhas
Gozag
Hepliaklqana
Kikubaaqudgha
Makhleb
Nemelex Xobeh
Okawaru
Qazlal
Ru
Sif Muna
Trog
Uskayaw
Vehumet
Xom
Yredelemnul
Zin
The Shining One
Jiyva

Shops:
D:6 *   D:7 [   D:14 *   D:15 [   Orc:2 ([(?

Annotations:
Lair:3 exclusion: oklob plant


Innate Abilities, Weirdness & Mutations

You reflexively headbutt those who attack you in melee.
You have a pair of large horns on your head.
You have sharp toenails.
You are partially covered in icy blue scales. (AC +2)
You are partially covered in thin metallic scales. (AC +2)
You have a somewhat thin skeletal structure. (Dex +2, Stealth)
Your flesh is very cold resistant. (rC++)
Your magical capacity is low. (-10% MP)
You passively map a small area around you.
Your spells are a little easier to cast, but a little less powerful.


Message History

You feel yourself moving faster!
You feel mighty! The orb of destruction hits you!
The orb spider spins a strand of pure energy.
You feel a strong urge to attack something.
A tarantella comes into view.
The tarantella hisses angrily.
The orb spider spins a strand of pure energy.
You feel your anger subside.
You are no longer berserk.
You are exhausted.
You feel yourself slow down.
The orb spider spins a strand of pure energy.
The orb spider weaves a glowing orb of energy.
An orb of destruction comes into view.
You see here a redback corpse.
The orb spider weaves a glowing orb of energy. x2 2 orbs of destruction come into view.
The orb of destruction hits you!
* * * LOW HITPOINT WARNING * * *
The wavering orb of destruction hits you!
You die...

, * ..........####.#. ,
,... , #..............## ,
.... ...............## **,
..... .....^..........# ,
....##.##..>...^.........#
...##.....##....#^....#...#
..#.......s.#..####.......#
.#........§..#...##.......#
#..^..s§§*@%..#.##......###
*
,#....^§s§§.^..#.#......###
.....^s..†.^...#.........#
*
...........^.^†#....#....#
........†^....†..##.†..^##
........†.....†#†.#......##
,
...............#..........#
#......^..^...#..†....#....
#.............#......#.....


You could see 3 orb spiders and a tarantella.

Vanquished Creatures
  Arachne (Spider:2)
  Rupert (Lair:3)
  Gastronok (Lair:1)
  Kirke (Lair:6)
  2 orc warlords (Orc:1)
  Azrael (D:13)
  A fire dragon (Lair:6)
  Fannar (Orc:1)
  4 vault guards (D:13)
  Erolcha (Orc:1)
  4 hydras
  Erica (D:11)
  A centaur warrior (D:13)
  A catoblepas (Lair:6)
  9 two-headed ogres
  The ghost of Quirk the Basher, a novice TrFi of Ashenzari (D:9)
  The ghost of Quirk the Basher, a novice TrFi of Okawaru (D:10)
  2 tengu warriors (D:14)
  The ghost of equalderp2856 the Ripper, a journeyman FeFi (Lair:6)
  3 orc high priests (Orc:2)
  Sonja (Lair:4)
  A fire crab (Lair:6)
  A fire crab (shapeshifter) (D:13)
  A deep troll (shapeshifter) (D:15)
  An unseen horror (D:13)
  A swamp dragon (Lair:6)
  6 orc knights
  A necromancer (Spider:2)
  3 orb spiders (Spider:1)
  Pikel (D:6)
  8 wolf spider zombies (Spider:2)
  7 orc sorcerers
  Maurice (Orc:1)
  A deep elf mage (D:15)
  15 ugly things
  19 wolf spiders
  5 elephants (Lair:5)
  2 ice statues (IceCv)
  3 cyclopes
  3 centaur zombies
  3 black mambas
  2 gargoyles
  3 spiny frogs
  Psyche (D:11)
  A centaur skeleton (D:13)
  5 demonic crawlers
  7 rime drakes
  An efreet (D:9)
  A freezing wraith (D:14)
  13 komodo dragons
  7 ice devils (IceCv)
  4 redback zombies (Spider:2)
  12 trolls
  A queen bee (Spider:1)
  3 meliai (Spider:1)
  22 jumping spiders
  2 hornets
  9 polar bears (Lair:6)
  A wind drake (shapeshifter) (D:14)
  3 slime creatures (D:15)
  23 blink frogs
  2 raiju (Lair:6)
  24 dream sheep
  11 tarantella zombies (Spider:2)
  11 hippogriffs
  47 redbacks
  15 tarantellas
  A spriggan (D:8)
  4 wyverns
  Sigmund (D:4)
  A hog (Lair:6)
  4 wraiths
  4 basilisks
  43 yaks
  Grum (D:8)
  A vampire (D:14)
  3 hungry ghosts
  3 vampire mosquitoes (D:11)
  2 fire elementals (D:13)
  A steam dragon (Lair:6)
  5 acid dragons
  8 wargs
  A soldier ant (shapeshifter) (D:13)
  A soldier ant (D:13)
  13 water moccasins
  7 porcupines
  Duvessa (D:4)
  17 hell hounds
  A black bear (shapeshifter) (D:15)
  4 ice beasts
  4 sky beasts
  2 swamp drakes (Lair:6)
  13 black bears
  12 ogres
  3 necrophages
  44 orc warriors
  52 wolves
  4 boggarts (D:15)
  11 centaurs
  19 crocodiles
  An elf zombie (D:15)
  16 bullfrogs
  Blork the orc (D:4)
  Dowan (D:4)
  A scorpion (D:4)
  25 killer bees
  14 wights
  4 howler monkeys
  5 crimson imps
  2 quasits
  2 bullfrog skeletons
  3 bullfrog zombies
  4 human zombies (D:15)
  5 hounds
  27 orc wizards
  3 jellies
  Crazy Yiuf (D:6)
  21 orc priests
  Jessica (D:2)
  10 iguanas
  Terence (D:3)
  Natasha (thrice) (D:3)
  13 worker ants
  A human skeleton (D:15)
  A mummy (D:15)
  2 worker ant zombies
  Robin (D:3)
  7 adders
  7 gnolls
  A howler monkey skeleton (D:6)
  7 shadow imps
  10 white imps (IceCv)
  8 ufetubi (IceCv)
  4 oozes
  2 adder skeletons
  2 adder zombies
  3 worms
  4 dart slugs
  2 leopard geckos
  92 orcs
  5 giant cockroaches
  13 goblins
  13 hobgoblins
  12 jackals
  6 quokkas
  7 bats
  A frilled lizard (D:1)
  A giant cockroach zombie (D:5)
  A jackal skeleton (D:5)
  6 kobolds
  2 leopard gecko skeletons
  A quokka skeleton (D:8)
  7 rats
  7 fungi
  8 plants
1052 creatures vanquished.

Vanquished Creatures (others)
  A reaper (IceCv)
  A redback zombie (D:13)
  3 humans (Lair:6)
  A hell hound (Lair:6)
  2 white imps (IceCv)
  An ufetubus (IceCv)
  A rat (D:2)
  2 fungi (Lair:6)
  16 plants (Lair:6)
28 creatures vanquished.

Grand Total: 1080 creatures vanquished

Notes
Turn   | Place    | Note
-------+----------+-------------------------------------------
     0 | D:1      | Smidge the Minotaur Berserker began the quest for the Orb.
     0 | D:1      | Reached XP level 1. HP: 19/19 MP: 0/0
   136 | D:1      | Reached XP level 2. HP: 17/27 MP: 1/1
   142 | D:1      | Reached skill level 4 in Axes
   650 | D:1      | Reached XP level 3. HP: 34/34 MP: 2/2
   773 | D:1      | Reached ** piety under Trog
  1045 | D:2      | Noticed Jessica
  1054 | D:2      | Killed Jessica
  1054 | D:2      | Reached skill level 5 in Axes
  1054 | D:2      | Reached XP level 4. HP: 40/41 MP: 3/3
  1066 | D:2      | Found a radiant altar of Vehumet.
  1232 | D:2      | Found an ancient bone altar of Kikubaaqudgha.
  1408 | D:2      | Found a bloodstained altar of Trog.
  1408 | D:2      | Found a hide-covered altar of Uskayaw.
  1586 | D:3      | Noticed Natasha
  1590 | D:3      | Killed Natasha
  1606 | D:3      | Found a faded altar of an unknown god.
  1651 | D:3      | Reached XP level 5. HP: 47/47 MP: 4/4
  1690 | D:3      | Reached skill level 5 in Fighting
  1697 | D:3      | Reached skill level 6 in Axes
  1741 | D:3      | Noticed Natasha
  1748 | D:3      | Killed Natasha
  1775 | D:3      | Reached *** piety under Trog
  1779 | D:3      | Noticed Robin
  1795 | D:3      | Killed Robin
  1823 | D:3      | Noticed Natasha
  1829 | D:3      | Killed Natasha
  1829 | D:3      | Reached XP level 6. HP: 56/56 MP: 5/5
  1892 | D:3      | Found a sparkling altar of Nemelex Xobeh.
  1937 | D:3      | Found a blossoming altar of Fedhas.
  2046 | D:3      | Noticed Terence
  2058 | D:3      | Killed Terence
  2215 | D:3      | Found a glowing golden altar of the Shining One.
  2414 | D:4      | Noticed Sigmund
  2420 | D:4      | Killed Sigmund
  2420 | D:4      | Reached skill level 7 in Axes
  2461 | D:4      | Reached XP level 7. HP: 36/62 MP: 6/6
  2924 | D:4      | Noticed Dowan
  2927 | D:4      | Noticed Duvessa
  2933 | D:4      | Killed Duvessa
  2933 | D:4      | Reached skill level 8 in Axes
  2933 | D:4      | Reached skill level 5 in Armour
  2935 | D:4      | Killed Dowan
  2978 | D:4      | Noticed Blork the orc
  2986 | D:4      | Killed Blork the orc
  3255 | D:5      | Entered Level 5 of the Dungeon
  3285 | D:5      | Reached **** piety under Trog
  3285 | D:5      | Reached XP level 8. HP: 70/70 MP: 7/7
  3389 | D:5      | Reached skill level 1 in Evocations
  3418 | D:5      | Reached skill level 9 in Axes
  3666 | D:5      | Found a shattered altar of Ashenzari.
  4089 | D:5      | Found a staircase to the Ecumenical Temple.
  4218 | Temple   | Entered the Ecumenical Temple
  4606 | D:6      | Found Diceitroto's Assorted Antiques.
  4642 | D:6      | Reached skill level 10 in Axes
  4650 | D:6      | Noticed Pikel
  4660 | D:6      | Killed Pikel
  4660 | D:6      | Reached XP level 9. HP: 79/79 MP: 10/10
  5050 | D:6      | Found a runed door.
  5192 | D:6      | Noticed Crazy Yiuf
  5197 | D:6      | Killed Crazy Yiuf
  5642 | D:6      | Bought a glowing war axe for 175 gold pieces
  6001 | D:7      | Found Medum's Armour Shoppe.
  6047 | D:7      | Reached skill level 11 in Axes
  6083 | D:7      | Found a shimmering altar of Xom.
  6357 | D:8      | Found an opulent altar of Gozag.
  6383 | D:8      | Found a hazy altar of Hepliaklqana.
  6401 | D:8      | Noticed Grum
  6411 | D:8      | Reached skill level 5 in Dodging
  6420 | D:8      | Killed Grum
  7041 | D:8      | Reached XP level 10. HP: 85/89 MP: 12/12
  7082 | D:8      | Reached ***** piety under Trog
  7393 | D:9      | Noticed Quirk's ghost (novice TrFi)
  7402 | D:9      | Killed Quirk's ghost
  7478 | D:9      | Reached skill level 12 in Axes
  7554 | D:9      | Noticed a two-headed ogre
  7569 | D:9      | Killed a two-headed ogre
  7569 | D:9      | Reached skill level 5 in Evocations
  7803 | D:9      | Reached skill level 1 in Shields
  8160 | D:9      | Noticed a purple ugly thing
  8162 | D:9      | Noticed a two-headed ogre
  8166 | D:9      | Killed a two-headed ogre
  8166 | D:9      | Reached skill level 13 in Axes
  8171 | D:9      | Killed a purple ugly thing
  8171 | D:9      | Reached XP level 11. HP: 97/97 MP: 13/13
  8194 | D:9      | Gained mutation: You have a somewhat thin skeletal structure. (Dex +2, Stealth) [mutagenic meat]
  8195 | D:9      | Gained mutation: Your spells are a little easier to cast, but a little less powerful. [mutagenic meat]
  8196 | D:9      | Lost mutation: Your spells are a little easier to cast, but a little less powerful. [mutagenic meat]
  8197 | D:9      | Gained mutation: Your magical capacity is low. (-10% MP) [mutagenic meat]
  8508 | D:9      | Found a staircase to the Orcish Mines.
  8642 | D:10     | Entered Level 10 of the Dungeon
  8653 | D:10     | Found a staircase to the Lair.
  8912 | D:10     | Reached skill level 10 in Fighting
  8920 | D:10     | Gained mutation: You have a pair of large horns on your head. [mutagenic meat]
  8921 | D:10     | Gained mutation: You are resistant to hostile enchantments. (MR+) [mutagenic meat]
  8922 | D:10     | Gained mutation: Your body sometimes deteriorates upon taking damage. [mutagenic meat]
  8923 | D:10     | Lost mutation: Your body sometimes deteriorates upon taking damage. [mutagenic meat]
  8924 | D:10     | Gained mutation: Your flesh is cold resistant. (rC+) [mutagenic meat]
  9221 | D:10     | Noticed Quirk's ghost (novice TrFi)
  9230 | D:10     | Killed Quirk's ghost
  9242 | D:10     | Noticed a brown ugly thing
  9250 | D:10     | Killed a brown ugly thing
  9298 | D:10     | Noticed a two-headed ogre
  9400 | D:10     | Killed a two-headed ogre
  9400 | D:10     | Reached skill level 10 in Armour
  9400 | D:10     | Reached skill level 5 in Shields
 10016 | D:11     | Noticed a white ugly thing
 10035 | D:11     | Reached skill level 14 in Axes
 10036 | D:11     | Killed a white ugly thing
 10094 | D:11     | Noticed a red ugly thing
 10103 | D:11     | Killed a red ugly thing
 10455 | D:11     | Noticed Psyche
 10469 | D:11     | Killed Psyche
 10919 | D:11     | Noticed Erica
 10930 | D:11     | Killed Erica
 10930 | D:11     | Reached XP level 12. HP: 91/108 MP: 13/13
 10985 | D:11     | Received a gift from Trog
 11013 | D:11     | Got a pair of heavily runed gloves
 11021 | D:11     | Identified the +2 pair of gloves of Life {rN+ Dex+4} (You found it on level 11 of the Dungeon)
 11208 | D:12     | Found Worhuha's Antique Weapon Emporium.
 11213 | D:12     | Found a frozen archway.
 11233 | IceCv    | Entered an ice cave
 11429 | IceCv    | Killed a reaper
 11601 | IceCv    | Reached skill level 15 in Axes
 12178 | D:12     | Noticed a two-headed ogre
 12184 | D:12     | Killed a two-headed ogre
 12225 | D:12     | Noticed a two-headed ogre
 12230 | D:12     | Killed a two-headed ogre
 12889 | D:12     | Found a shadowy altar of Dithmenos.
 13881 | D:13     | Reached ****** piety under Trog
 13881 | D:13     | Reached skill level 16 in Axes
 13949 | D:13     | Noticed Azrael
 14059 | Lair:1   | Entered Level 1 of the Lair of Beasts
 14083 | Lair:1   | Received a gift from Trog
 14188 | Lair:1   | Noticed Gastronok
 14199 | Lair:1   | Killed Gastronok
 14199 | Lair:1   | Reached XP level 13. HP: 103/117 MP: 14/14
 15016 | Lair:2   | Reached skill level 17 in Axes
 15045 | Lair:2   | Received a gift from Trog
 15442 | Lair:2   | Found a staircase to the Swamp.
 16107 | Lair:3   | Noticed Rupert
 16123 | Lair:3   | Killed Rupert
 16123 | Lair:3   | Reached skill level 18 in Axes
 16985 | Lair:4   | Found a hole to the Spider Nest.
 17216 | Lair:4   | Found a snail-covered altar of Cheibriados.
 17377 | Lair:4   | Noticed Sonja
 17386 | Lair:4   | Killed Sonja
 18015 | Lair:5   | Received a gift from Trog
 18210 | Lair:5   | Found a viscous altar of Jiyva.
 18210 | Lair:5   | Found a staircase to the Slime Pits.
 18485 | Lair:5   | Reached XP level 14. HP: 110/129 MP: 15/15
 18884 | Lair:6   | Entered Level 6 of the Lair of Beasts
 18903 | Lair:6   | Noticed equalderp2856's ghost (journeyman FeFi)
 18912 | Lair:6   | Killed equalderp2856's ghost
 19203 | Lair:6   | Reached skill level 19 in Axes
 20111 | Lair:6   | Reached skill level 20 in Axes
 20797 | Lair:6   | Received a gift from Trog
 20811 | Lair:6   | Noticed Kirke
 20819 | Lair:6   | Killed Kirke
 21547 | Orc:1    | Entered Level 1 of the Orcish Mines
 21576 | Orc:1    | Noticed an orc warlord
 21584 | Orc:1    | Killed an orc warlord
 21584 | Orc:1    | Reached XP level 15. HP: 107/139 MP: 15/15
 21727 | Orc:1    | Noticed Fannar
 21728 | Orc:1    | Noticed an orc warlord
 21735 | Orc:1    | Killed Fannar
 21739 | Orc:1    | Killed an orc warlord
 21749 | Orc:1    | Received a gift from Trog
 21815 | Orc:1    | Noticed Erolcha
 21821 | Orc:1    | Killed Erolcha
 21923 | Orc:2    | Entered Level 2 of the Orcish Mines
 21947 | Orc:2    | Reached skill level 21 in Axes
 22089 | Orc:2    | Found a staircase to the Elven Halls.
 22536 | Orc:2    | Received a gift from Trog
 22662 | Orc:1    | Noticed Maurice
 22673 | Orc:1    | Killed Maurice
 23244 | Orc:2    | Reached skill level 15 in Fighting
 23263 | Orc:2    | Found Jaewu's Weapon Boutique.
 23263 | Orc:2    | Found Meopuh's Armour Emporium.
 23273 | Orc:2    | Found Laje's Antique Weapon Boutique.
 23273 | Orc:2    | Found Butay's Magic Scroll Emporium.
 23434 | Orc:2    | Bought a scroll of identify for 32 gold pieces
 23434 | Orc:2    | Bought a scroll of identify for 32 gold pieces
 23434 | Orc:2    | Bought a scroll of identify for 32 gold pieces
 23434 | Orc:2    | Bought a scroll of identify for 32 gold pieces
 23438 | Orc:2    | Bought a scroll of enchant armour for 120 gold pieces
 23444 | Orc:2    | Identified 3 scrolls of acquirement
 23447 | Orc:2    | Received a gift from Trog
 23475 | Orc:2    | Got a pair of spiked gloves
 23487 | Orc:2    | Identified the +1 pair of gloves of Fortification {-Cast rC++} (You acquired it on level 2 of the Orcish Mines)
 24038 | D:13     | Found a gate to the Vaults.
 24292 | D:13     | Killed Azrael
 24393 | D:13     | Lost mutation: You are resistant to hostile enchantments. (MR+) [mutagenic meat]
 24577 | D:13     | Received a gift from Trog
 24583 | D:13     | Got a scorched battleaxe {god gift}
 24594 | D:13     | Identified the +9 battleaxe "Qidam Moint" {chaos, rPois Str-3 Int+6 Dex-3} (Trog gifted it to you on level 13 of the Dungeon)
 24780 | D:14     | Reached skill level 22 in Axes
 24822 | D:14     | Found Hyarymm's Assorted Antiques.
 24834 | D:14     | Bought a scroll labeled XUHUCRO HOQOIF for 25 gold pieces
 24834 | D:14     | Bought a scroll labeled BUGHAS AXADENK for 25 gold pieces
 25593 | D:15     | Entered Level 15 of the Dungeon
 25659 | D:15     | Gained mutation: Your spells are a little easier to cast, but a little less powerful. [mutagenic meat]
 25664 | D:15     | Gained mutation: You are partially covered in icy blue scales. (AC +2) [mutagenic meat]
 25665 | D:15     | Gained mutation: You have sharp toenails. [mutagenic meat]
 25666 | D:15     | Gained mutation: Your flesh is very cold resistant. (rC++) [mutagenic meat]
 25667 | D:15     | Gained mutation: You are partially covered in thin metallic scales. (AC +2) [mutagenic meat]
 25668 | D:15     | Gained mutation: You passively map a small area around you. [mutagenic meat]
 25919 | D:15     | Found Detintuy's Antique Armour Shoppe.
 26143 | D:15     | Reached XP level 16. HP: 138/150 MP: 16/16
 26272 | D:15     | Found a staircase to the Depths.
 26486 | D:15     | Found a basalt altar of Yredelemnul.
 26498 | D:15     | Received a gift from Trog
 26835 | Spider:1 | Entered Level 1 of the Spider Nest
 27371 | Spider:1 | Received a gift from Trog
 27489 | Spider:1 | Reached skill level 23 in Axes
 27734 | Spider:2 | Received a gift from Trog
 28095 | Spider:2 | Got a jewelled battleaxe {god gift}
 28096 | Spider:2 | Identified the +1 battleaxe of Juchoz {chop, rF+ rC++ MR+ Str+4} (Trog gifted it to you on level 2 of the Spider Nest)
 28158 | Spider:2 | Reached skill level 15 in Armour
 28181 | Spider:2 | Noticed Arachne
 28228 | Spider:2 | Killed Arachne
 28680 | Spider:2 | Blown up by an orb spider

Skill      XL: |  1  2  3  4  5  6  7  8  9 10 11 12 13 14 15 16 |
---------------+-------------------------------------------------+-----
Fighting       | 4 5 6 7 8 9 10 11 13 14 15 16 | 16.7
Axes           | 4 5 6 7 8 10 11 13 14 16 18 20 22 23 | 23.7
Armour         | 3 4 5 6 7 9 10 12 13 14 15 | 15.1
Dodging        | 3 4 5 6 |  6.8
Evocations     | 3 4 5 |  5.0
Shields        | 2 6 |  6.3
Stealth        | |  0.6

Action                   |  1- 3 |  4- 6 |  7- 9 | 10-12 | 13-15 | 16-18 || total
-------------------------+-------+-------+-------+-------+-------+-------++-------
Melee: Hand axe          |    54 |   127 |   309 |   374 |       |       ||   864
       Headbutt          |    13 |    21 |    64 |   159 |   236 |    82 ||   575
       War axe           |       |       |       |    13 |       |       ||    13
       Executioner's axe |       |       |       |   154 |   819 |   291 ||  1264
       Broad axe         |       |       |       |       |     2 |       ||     2
Throw: Javelin           |       |       |       |     2 |       |       ||     2
Invok: Berserk           |       |     1 |     1 |     8 |     5 |     1 ||    16
       Burn Spellbooks   |       |       |       |     2 |     2 |     1 ||     5
       Trog's Hand       |       |       |       |     1 |     1 |       ||     2
Evoke: Wand              |       |       |       |     3 |       |     1 ||     4
  Use: Scroll            |     1 |     2 |       |    11 |    26 |       ||    40
       Potion            |       |       |       |       |     1 |     3 ||     4
 Stab: Held in net/web   |       |       |       |       |       |     2 ||     2
  Eat: Chunk             |       |     6 |    33 |    46 |    42 |     2 ||   129
       Bread ration      |       |       |     1 |       |       |     2 ||     3
Armor: Animal skin       |     3 |       |       |       |       |       ||     3
       Ring mail         |     8 |       |       |       |       |       ||     8
       Chain mail        |     2 |    65 |       |       |       |       ||    67
       Scale mail        |       |     8 |   120 |    14 |       |       ||   142
       Plate armour      |       |       |       |   223 |   650 |   281 ||  1154
       Skin              |       |       |       |     1 |       |       ||     1
Dodge: Dodged            |    29 |    47 |   128 |   193 |   597 |   209 ||  1203
Block: Shield            |       |       |       |   130 |       |       ||   130
